 Dungeon Crawl Stone Soup version 0.21.1-1-g345015f (webtiles) character file.

35 kae the Insei (level 3, -4/31 HPs)
             Began as a Naga Transmuter on June 11, 2018.
             Slain by a goblin
             ... wielding a +0 club
             ... led by Robin
              (5 damage)
             ... on level 2 of the Dungeon.
             The game lasted 00:01:04 (820 turns).

kae the Insei (Naga Transmuter)                      Turns: 820, Time: 00:01:05

Health: -4/31      AC:  4    Str: 12    XL:     3   Next: 33%
Magic:  2/6        EV: 10    Int: 13    God:
Gold:   58         SH:  0    Dex: 12    Spells: 0/6 levels left

rFire    . . .     SeeInvis +     - Unarmed
rCold    . . .     Gourm    .   (no shield)
rNeg     . . .     Faith    .   b - +1 robe
rPois    +         Spirit   .   (no helmet)
rElec    .         Reflect  .   (no cloak)
rCorr    .         Harm     .   e - +0 pair of gloves
MR       .....                  (no barding)
Stlth    +.........             (no amulet)
HPRegen  0.10/turn              (no ring)
MPRegen  0.10/turn              (no ring)

@: very slightly contaminated, very slow
A: large, see invisible, deformed body, poison resistance, slowness 2, slow
metabolism 1, spit poison 1, AC +1
a: Spit Poison


You were on level 2 of the Dungeon.
You were not hungry.

You visited 1 branch of the dungeon, and saw 2 of its levels.

You collected 58 gold pieces.

Inventory:

Missiles
 a - 54 arrows
Armour
 b - a +1 robe (worn)
 e - a +0 pair of gloves (worn)
Scrolls
 f - 2 scrolls of enchant armour
 g - a scroll of identify
 h - a scroll of remove curse {unknown}
 i - a scroll of enchant weapon
Books
 c - a book of Changes

   Spells                             Type                      Level
   a - Beastly Appendage              Transmutation                1
   b - Sticks to Snakes               Transmutation                2
   c - Spider Form                    Transmutation/Poison         3
   d - Ice Form                       Ice/Transmutation            4
   e - Blade Hands                    Transmutation                5
Comestibles
 d - a ration


   Skills:
 + Level 1.4 Fighting
 + Level 1.9 Dodging
 * Level 3.4 Unarmed Combat
 + Level 2.2 Spellcasting
 + Level 2.3 Transmutations


You couldn't memorise any spells.
You knew the following spells:

 Your Spells              Type           Power        Failure   Level  Hunger
a - Beastly Appendage     Tmut           #.....       10%         1    ##.....
b - Sticks to Snakes      Tmut           #.......     14%         2    ###....
c - Spider Form           Tmut/Pois      #.........   43%         3    ####...


Dungeon Overview and Level Annotations

Branches:
Dungeon (2/15)

Altars:

Annotations:
D:2 Robin


Innate Abilities, Weirdness & Mutations

You cannot wear boots.
Your serpentine skin is tough. (AC +1)
You have supernaturally acute eyesight. (SInv)
Armour fits poorly on your strangely shaped body.
Your system is resistant to poisons. (rPois)
You cover ground very slowly.
You have a slow metabolism.
You can spit poison.


Message History

The goblin hits you with a club. The goblin barely misses you.
You closely miss the goblin. The goblin hits you with a club!
The goblin hits you with an uncursed club!
* * * LOW HITPOINT WARNING * * *
The goblin barely misses you. The goblin hits you with a club.
* * * LOW HITPOINT WARNING * * *
Unknown command.
You aren't carrying any potions.
Unknown command.
As you read the scroll labeled QYULIU MAEME, it crumbles to dust.
It is a scroll of enchant armour.
Your +0 robe glows green for a moment.
The goblin barely misses you. The goblin hits you but does no damage.
The goblin hits you with a club.
* * * LOW HITPOINT WARNING * * *
The goblin barely misses you.
As you read the scroll labeled OGAR COIPSEC, it crumbles to dust.
It is a scroll of identify.
i - a scroll of enchant weapon The goblin hits you with a club.
You die...

#........†.#'########
#.....####.#........#
#..........#........#
#####......#........#
............>........#
..###...<)........†..#
#.#####.#........#
#.....gg#........#
#..####@#........# #.
#ggg#........#
#g#r##########
#S#gg.....#
#.#gg.?...#
#S........#
#....###### ......#
####...#


You could see Robin, 2 hobgoblins, 7 goblins, a ball python and a rat.

Vanquished Creatures
  A gnoll (D:1)
  An ooze (D:1)
  A dart slug (D:1)
  2 bats
  A giant cockroach (D:1)
  5 goblins
  2 hobgoblins (D:1)
  A ball python (D:1)
  2 kobolds
  3 rats
19 creatures vanquished.

Vanquished Creatures (collateral kills)
  A bat (D:2)
1 creature vanquished.

Grand Total: 20 creatures vanquished

Notes
Turn   | Place    | Note
-------+----------+-------------------------------------------
     0 | D:1      | kae the Naga Transmuter began the quest for the Orb.
     0 | D:1      | Reached XP level 1. HP: 18/18 MP: 3/3
   147 | D:1      | Reached XP level 2. HP: 21/25 MP: 5/5
   373 | D:1      | Reached XP level 3. HP: 17/31 MP: 4/6
   389 | D:1      | Learned a level 2 spell: Sticks to Snakes
   393 | D:1      | Learned a level 3 spell: Spider Form
   804 | D:2      | Noticed Robin
   818 | D:2      | HP: 1/31 [goblin/club[Robin] (3)]
   820 | D:2      | Slain by a goblin

Action                   || total
-------------------------++-------
Melee: Unarmed           ||    52
       Headbutt          ||     2
       Punch             ||     1
 Cast: Beastly Appendage ||     6
       Sticks to Snakes  ||     3
 Abil: Spit Poison       ||     5
  Use: Scroll            ||     2
 Stab: Sleeping          ||     1
Armor: Robe              ||    24
Dodge: Dodged            ||    36
